 Dungeon Crawl Stone Soup version 0.30.0-29-ga12c61a403 (webtiles) character file.

Game seed: 1938289687094379481

92 safid the Chiller (level 4, 0/31 (33) HPs)
             Began as a Merfolk Ice Elementalist on June 22, 2023.
             Was an Initiate of Vehumet.
             Slain by a wight
             ... wielding a +5 short sword of freezing
              (1 damage)
             ... on level 4 of the Dungeon.
             The game lasted 00:03:29 (3223 turns).

safid the Chiller (Merfolk Ice Elementalist)        Turns: 3223, Time: 00:03:30

HP:   0/31 (33)     AC:  9    Str:  8    XL:     4   Next: 60%
MP:   2/8           EV: 12    Int: 16    God:    Vehumet [......]
Gold: 175           SH:  0    Dex: 14    Spells: 2/9 levels left

rFire   . . .        i - +3 dagger
rCold   . . .        (no shield)
rNeg    . . .        a - +0 robe
rPois   .            (no helmet)
rElec   .            (no cloak)
rCorr   .            q - +0 pair of gloves
SInv    .            (no boots)
Will    .....        (no amulet)
Stlth   ++           (no ring)
HPRegen 0.25/turn    (no ring)
MPRegen 0.11/turn

%: no passive effects
@: ice-armoured, freezing walls, drained
A: (nimble swimmer 2), mertail
a: Renounce Religion


You were on level 4 of the Dungeon.
You worshipped Vehumet.
Vehumet was noncommittal.
You visited 2 branches of the dungeon, and saw 5 of its levels.

You collected 175 gold pieces.

Inventory:

Hand Weapons
 i - a +3 dagger (weapon)
Armour
 a - a +0 robe (worn)
 q - a +0 pair of gloves (worn)
Scrolls
 c - 2 scrolls of silence {unknown}
 f - a scroll of identify {unknown}
 g - 2 scrolls of enchant weapon {unknown}
 h - a scroll of immolation {unknown}
 j - a scroll of amnesia {unknown}
 l - a scroll of poison {unknown}
Potions
 b - a potion of magic
 d - 2 potions of degeneration {unknown}
 e - 2 potions of haste {unknown}
 k - 2 potions of attraction {unknown}
 m - a potion of might {unknown}
 n - a potion of curing {unknown}
 o - a potion of flight {unknown}
 p - a potion of heal wounds {unknown}


   Skills:
 + Level 2.3 Fighting
 - Level 2.6 Dodging
 - Level 2.1 Stealth
 + Level 3.0 Spellcasting
 + Level 5.2 Ice Magic


You had 2 spell levels left.
You knew the following spells:

 Your Spells              Type           Power      Damage    Failure   Level
a - Freeze                Ice            76%        1d8       2%          1
b - Frozen Ramparts       Ice            38%        1d6       7%          3
c - Ozocubu's Armour      Ice            19%        N/A       7%          3

Your spell library contained the following spells:

 Spells                   Type           Power      Damage    Failure   Level
 Blink                    Tloc           4%         N/A       28%         2
 Lesser Beckoning         Tloc           4%         N/A       28%         2
 Gell's Gravitas          Tloc           2%         N/A       50%         3
 Teleport Other           Tloc           2%         N/A       50%         3
 Summon Ice Beast         Ice/Summ       10%        N/A       54%         4
 Manifold Assault         Tloc           2%         N/A       88%         4
 Storm Form               Tmut/Air       1%         N/A       100%        7


Dungeon Overview and Level Annotations

Branches:
Dungeon (4/15)             Temple (1/1) D:4

Altars:
Ashenzari
Cheibriados
Hepliaklqana
Makhleb
Nemelex Xobeh
Sif Muna
Trog
Vehumet
Wu Jian
Xom
Zin


Innate Abilities, Weirdness & Mutations

((You are very nimble when in or above water. (Stealth+, EV+, Speed+++)))
Your lower body shifts to a powerful aquatic tail in water.


Message History

Casting: Ozocubu's Armour (quite dangerous; 7% risk of failure)
Confirm with . or Enter, or press ? or * to list all spells.
The spell is quite dangerous to miscast (7% risk of failure)!
Continue anyway? [Y]es or [N]o only, please.
The spell is quite dangerous to miscast (7% risk of failure)!
Continue anyway?
Casting: Frozen Ramparts (quite dangerous; 7% risk of failure)
Press: ? - help, Dir - look around, f - activate An open door.
The walls around you are covered in ice.
The wight resists.
The wall freezes the wight.
The wight hits you with a +5 short sword of freezing!
The wight freezes you.
Casting: Frozen Ramparts (quite dangerous; 7% risk of failure)
Confirm with . or Enter, or press ? or * to list all spells.
The spell is quite dangerous to miscast (7% risk of failure)!
Continue anyway? [Y]es or [N]o only, please.
The spell is quite dangerous to miscast (7% risk of failure)!
Continue anyway?
A film of ice covers your body!
The wight completely resists.
The wall freezes the wight but does no damage.
The wight barely misses you.
Unknown command.
You hit the wight.
The wight is moderately damaged.
The wall freezes the wight but does no damage.
The wight hits you with a +5 short sword of freezing!
The wight freezes you.
* * * LOW HITPOINT WARNING * * *
Unknown command.
You hit the wight.
The wight is moderately damaged.
The wight completely resists.
The wall freezes the wight but does no damage.
The wight misses you.
You closely miss the wight.
The wight is moderately damaged.
The wight resists.
The wall freezes the wight.
The wight hits you with a +5 short sword of freezing.
* * * LOW HITPOINT WARNING * * *
You feel drained.
You die...

#.....##.###..#.>.#..#
##...#.......#(#.#.#.#
##.##.#.#.#..#.#.#..#
#......#...(.#.#...#
.....#####.........#
##.#### ##.....####
### ### ###..## #z#
#8.## #+#'#+#@#+###.#
...........'..#
#+#+#+#+#+###.# 8.#
##.# #.# #.# #.# #.#


You could see a wight.

Vanquished Creatures
  A mummy (D:4)
  An adder (D:2)
  3 worms
  2 dart slugs
  An orc (D:2)
  3 bats
  5 endoplasms
  3 giant cockroaches (D:2)
  8 goblins
  4 hobgoblins
  4 quokkas
  4 ball pythons
  3 frilled lizards
  7 kobolds
  6 rats
55 creatures vanquished.

Notes
Turn   | Place    | Note
-------+----------+-------------------------------------------
     0 | D:1      | safid the Merfolk Ice Elementalist began the quest for the
                  | Orb.
     0 | D:1      | Reached XP level 1. HP: 13/13 MP: 3/3
   365 | D:1      | Reached XP level 2. HP: 16/20 MP: 3/5
   422 | D:1      | Reached skill level 1 in Fighting
   910 | D:2      | Found a shimmering blue altar of Sif Muna.
   987 | D:2      | Reached XP level 3. HP: 13/26 MP: 0/6
  1252 | D:2      | Learned a level 3 spell: Frozen Ramparts
  1277 | D:2      | Learned a level 3 spell: Ozocubu's Armour
  1756 | D:2      | Reached skill level 5 in Ice Magic
  1873 | D:2      | Reached XP level 4. HP: 28/33 MP: 6/8
  2902 | D:4      | Found a staircase to the Ecumenical Temple.
  2915 | Temple   | Entered the Ecumenical Temple
  2985 | Temple   | Became a worshipper of Vehumet
  3223 | D:4      | HP: 1/33 [wight/+5 short sword of freezing (5)]
  3223 | D:4      | Slain by a wight

Illustrated notes

Levels and vault maps discovered:
D:1:      dpeg_arrival_tiny_a, layout_basic
D:2:      layout_basic, basic_altar, kennysheep_generic_room_12
D:3:      layout_basic, minmay_misc_feat_nine_boxes, chequers_mini_garden,
          mrwooster_statue_mirror
D:4:      layout_loops_corners, lemuel_tele_altar,
          lemuel_mausoleum_altar_kikubaaqudgha, minmay_temple_entry_grid,
          serial_shops, shop
Temple:   hellmonk_temple_flake

Skill      XL: |  1  2  3  4 |
---------------+-------------+-----
Fighting       | 1 2 |  2.3
Ice Magic      | 5 |  5.2
Spellcasting   | 3 |  3.0
Dodging        | |  2.6
Stealth        | |  2.1

Action                     |  1- 3 |  4- 6 || total
---------------------------+-------+-------++-------
  Melee: Dagger            |    37 |    25 ||    62
   Cast: Freeze            |    36 |    22 ||    58
         Frozen Ramparts   |       |     3 ||     3
         Ozocubu's Armour  |       |     2 ||     2
   Stab: Sleeping          |     5 |       ||     5
 Armour: Robe              |     5 |     7 ||    12
  Dodge: Dodged            |    26 |    23 ||    49
